 Dungeon Crawl Stone Soup version 0.19.1 (webtiles) character file.

6055 Monsterracer the Severer (level 10, -5/88 HPs)
             Began as a Hill Orc Fighter on Nov 24, 2016.
             Was a Priest of Ashenzari.
             Killed by divine providence
             ... invoked by an orc priest
              (15 damage)
             ... on level 9 of the Dungeon on Nov 25, 2016.
             The game lasted 00:21:42 (7866 turns).

Monsterracer the Severer (Hill Orc Fighter)         Turns: 7866, Time: 00:21:43

Health: -5/88      AC: 24    Str: 17 (20) XL:     10   Next: 87%
Magic:  10/10      EV:  7    Int: 17      God:    Ashenzari [***...]
Gold:   471        SH:  0    Dex: 10 (13) Spells: 1 memorised, 8 levels left

rFire  + . .     SeeInvis +     D - +1 battleaxe
rCold  . . .     Gourm    .     d - +2 chain mail {rN+}
rNeg   + + .     Faith    .     (shield currently unavailable)
rPois  .         Spirit   .     l - +1 helmet {Int+3} (curse)
rElec  +         Reflect  .     n - +0 cloak (curse)
rCorr  .         Harm     .     y - +1 pair of gloves of Mutualism {rElec Int+6} (curse)
MR     .....                    (no boots)
Stlth  ..........               (no amulet)
                                (no ring)
                                o - ring of positive energy

@: very slightly contaminated, fainting, hasted, very quick
A: icy blue scales 1, thin metallic scales 1, deterioration 1, fire resistance 1
a: Curse Item, Scrying, Renounce Religion, Convert to Beogh


You were on level 9 of the Dungeon.
You worshipped Ashenzari.
Ashenzari was most pleased with you.
You were fainting.

You visited 1 branch of the dungeon, and saw 9 of its levels.

You collected 471 gold pieces.

Inventory:

Hand Weapons
 b - the cursed +1 hand axe "Dimul" {drain, rElec rPois}
   (You found it on level 8 of the Dungeon)

   A truly terrible weapon, it drains the life of those it strikes.
   It insulates you from electricity.
   It protects you from poison.
   It has a curse placed upon it.
 D - a +1 battleaxe (weapon)
Armour
 d - a +2 chain mail of positive energy (worn)
 l - a cursed +1 helmet of intelligence (worn)
 n - a cursed +0 cloak (worn)
 y - the cursed +1 pair of gloves of Mutualism (worn) {rElec Int+6}
   (You found it on level 5 of the Dungeon)

   It affects your intelligence (+6).
   It insulates you from electricity.
   It has a curse placed upon it.
 E - the +0 robe of Too Many Cooks {*Contam rPois Stlth+}
   (You found it on level 8 of the Dungeon)

   It protects you from poison.
   It causes magical contamination when unequipped.
   It makes you more stealthy.
Jewellery
 m - an uncursed ring of ice
 o - a ring of positive energy (left hand)
 B - an uncursed ring of wizardry
Wands
 a - a wand of acid (15/15)
 k - a wand of lightning (1/15)
Scrolls
 e - 2 scrolls of fog
 h - 4 scrolls of teleportation
 i - 5 scrolls of identify
 q - 2 scrolls of fear
 r - a scroll of enchant weapon
 s - a scroll of blinking
 z - a scroll of recharging
 C - 4 scrolls of magic mapping
Potions
 c - 2 potions of haste
 p - a potion of curing
 w - 3 potions of heal wounds
 A - 2 potions of agility
Books
 x - a book of Flames

   Spells                             Type                      Level
   a - Flame Tongue                   Conjuration/Fire             1
   b - Throw Flame                    Conjuration/Fire             2
   c - Conjure Flame                  Conjuration/Fire             3
   d - Inner Flame                    Hexes/Fire                   3
   e - Sticky Flame                   Conjuration/Fire             4
   f - Fireball                       Conjuration/Fire             5
Comestibles
 f - 6 bread rations
 g - 4 meat rations
 j - a chunk of flesh
 t - 13 royal jellies
 u - 3 slices of pizza
 v - 7 fruits


   Skills:
 + Level 8.0 Fighting
 * Level 16.4 Axes
 + Level 7.4(10.4) Armour
   Level 3.2 Shields
 + Level 2.1 Fire Magic


You had 8 spell levels left.
You knew the following spells:

 Your Spells              Type           Power        Failure   Level  Hunger
a - Flame Tongue          Conj/Fire      #....        97%         1    ##.....


Dungeon Overview and Level Annotations

Branches:
Dungeon (9/15)             Temple (0/1) D:7             Orc (0/2) D:9
   Lair: D:8-11

Altars:
Ashenzari
Dithmenos

Shops:
D:4 :

Annotations:
D:4 Book of Flames


Innate Abilities, Weirdness & Mutations

You are partially covered in icy blue scales. (AC +2)
You are partially covered in thin metallic scales. (AC +2)
Your body sometimes deteriorates upon taking damage.
Your flesh is heat resistant. (rF+)


Message History

The orc barely misses you. The hungry ghost hits you.
* * * LOW HITPOINT WARNING * * *
You feel slightly more hungry.
You slash the hungry ghost!
You destroy the hungry ghost!
You feel your intelligence returning.
Your Fire Magic skill increases to level 2!
Your chain mail prevents you from hitting the yak.
The yak gores you but does no damage.
The orc priest begins to cast a cantrip, but forgets the words!
You slash the yak!
The yak is severely wounded.
The orc priest shouts, "Join the one true god or die!"
The orc hits you but does no damage.
You slash the yak!
You kill the yak!
Your Fighting skill increases to level 8!
The orc priest invokes the aid of Beogh against you.
Beogh smites you!
You die...

##.##.##..#)....# ,,, ,
#.........'.....#....## , ,
'.........#.....#..... , ,
, , ,
########+##.....#....#* .
,,
..........<.....#....##..,
................#........ ,
, ................#......8.
, ................#.o.....$
, ,
................@)....... ,
..............####o......,,
....####...#### o......., ,
, ..####........# ,.#.$...
, ,, ..).........###*
....... ##).........# ..
...., , ##......#### ,, ...
.8. , , , ###..###,, ,, .##
... , , , , #### {,, , , ,
,


You could see an orc priest and an orc.

Vanquished Creatures
  Pikel (D:7)
  A polar bear (D:9)
  4 hippogriffs
  2 hungry ghosts
  A steam dragon (D:7)
  A yak (D:9)
  2 water moccasins
  5 ice beasts
  A phantom (D:4)
  3 orc warriors
  3 ogres
  An eye of draining (D:8)
  2 black bears
  2 sky beasts (D:7)
  2 centaurs
  2 big kobolds
  4 bullfrogs
  A gnoll sergeant (D:7)
  A water moccasin zombie (D:5)
  2 water moccasin skeletons
  4 scorpions
  4 wights (D:7)
  A quasit (D:5)
  2 crimson imps (D:5)
  A hound (D:7)
  A bullfrog zombie (D:5)
  4 jellies (D:8)
  Crazy Yiuf (D:7)
  5 orc priests
  2 bullfrog skeletons (D:9)
  6 orc wizards
  2 iguanas
  2 worker ants
  A hound skeleton (D:4)
  15 gnolls
  14 adders
  A shadow imp (D:5)
  6 oozes
  An adder skeleton (D:5)
  A worm (D:3)
  2 leopard geckos
  30 orcs
  9 giant cockroaches
  8 hobgoblins
  23 jackals
  6 quokkas
  A ball python (D:1)
  11 bats
  A frilled lizard (D:1)
  4 goblins
  8 kobolds
  A leopard gecko skeleton (D:6)
  12 rats
  A fungus (D:7)
232 creatures vanquished.

Vanquished Creatures (others)
  A slave (D:9)
  2 orc wizards
  An adder (D:7)
  An orc (D:7)
5 creatures vanquished.

Grand Total: 237 creatures vanquished

Notes
Turn   | Place    | Note
-------+----------+-------------------------------------------
     0 | D:1      | Monsterracer the Hill Orc Fighter began the quest for the Orb.
     0 | D:1      | Reached XP level 1. HP: 19/19 MP: 1/1
    95 | D:1      | Reached skill level 3 in Axes
   251 | D:1      | Gained mutation: Your body sometimes deteriorates upon taking damage. [potion of mutation]
   251 | D:1      | Gained mutation: Your flesh is heat resistant. (rF+) [potion of mutation]
   251 | D:1      | Gained mutation: You are partially covered in icy blue scales. (AC +2) [potion of mutation]
   353 | D:1      | Gained mutation: You are partially covered in thin metallic scales. (AC +2) [potion of beneficial mutation]
   362 | D:1      | Reached XP level 2. HP: 23/26 MP: 2/2
   460 | D:1      | Reached skill level 4 in Axes
   691 | D:2      | Reached XP level 3. HP: 18/31 MP: 3/3
   972 | D:2      | Reached skill level 5 in Axes
   993 | D:2      | Reached XP level 4. HP: 8/39 MP: 4/4
  1121 | D:2      | Reached skill level 6 in Axes
  1451 | D:2      | Reached XP level 5. HP: 42/45 MP: 5/5
  1694 | D:2      | Reached skill level 7 in Axes
  1887 | D:2      | Found a faded altar of an unknown god.
  1894 | D:2      | Became a worshipper of Ashenzari the Shackled
  1894 | D:2      | Reached * piety under Ashenzari
  2058 | D:3      | Reached skill level 8 in Axes
  2058 | D:3      | Reached XP level 6. HP: 42/51 MP: 6/6
  2842 | D:4      | Noticed a phantom
  2906 | D:4      | Killed a phantom
  2906 | D:4      | Reached skill level 9 in Axes
  2906 | D:4      | Reached XP level 7. HP: 18/57 MP: 7/7
  3221 | D:4      | Reached skill level 10 in Axes
  3350 | D:4      | Found Toschu's Book Boutique.
  3350 | D:4      | Reached ** piety under Ashenzari
  3670 | D:5      | Entered Level 5 of the Dungeon
  3679 | D:5      | Reached skill level 11 in Axes
  3719 | D:5      | Reached XP level 8. HP: 63/64 MP: 8/8
  3817 | D:5      | Got the uncursed pair of gloves of Mutualism {rElec Int+6}
  3823 | D:5      | Identified the +1 pair of gloves of Mutualism {rElec Int+6} (You found it on level 5 of the Dungeon)
  3852 | D:5      | Reached skill level 12 in Axes
  4294 | D:6      | Reached skill level 13 in Axes
  4929 | D:6      | Noticed a hippogriff
  4940 | D:6      | Reached XP level 9. HP: 69/72 MP: 9/9
  5116 | D:6      | Reached skill level 5 in Fighting
  5116 | D:6      | Reached skill level 14 in Axes
  5569 | D:7      | Reached skill level 5 in Armour
  5668 | D:7      | Reached *** piety under Ashenzari
  5678 | D:7      | Found a staircase to the Ecumenical Temple.
  5704 | D:7      | Identified the cursed +0 leather armour of Exclusion {rF- Str+3 Int+7}
  6095 | D:7      | Reached skill level 15 in Axes
  6102 | D:7      | Reached XP level 10. HP: 31/84 MP: 10/10
  6162 | D:7      | Noticed Pikel
  6186 | D:7      | Killed Pikel
  6945 | D:7      | Found a runed door.
  6949 | D:7      | Noticed Crazy Yiuf
  6954 | D:7      | Killed Crazy Yiuf
  7033 | D:8      | Found a shadowy altar of Dithmenos.
  7218 | D:8      | Learned a level 1 spell: Flame Tongue
  7321 | D:8      | Identified the +0 robe of Too Many Cooks {*Contam rPois Stlth+}
  7331 | D:8      | Reached skill level 16 in Axes
  7421 | D:8      | Got the cursed hand axe "Dimul" {drain, rElec rPois}
  7511 | D:8      | Reached skill level 1 in Fire Magic
  7866 | D:9      | Killed from afar by an orc priest

Skill      XL: |  1  2  3  4  5  6  7  8  9 10 |
---------------+-------------------------------+-----
Axes           | 3 4 5 6 8 9 11 13 15 16 | 16.4
Fighting       | 4 6 8 |  8.0
Armour         | 4 6 7 |  7.4
Fire Magic     | 2 |  2.1
Shields        | |  3.2

Action                   |  1- 3 |  4- 6 |  7- 9 | 10-12 || total
-------------------------+-------+-------+-------+-------++-------
Melee: War axe           |    99 |   265 |   168 |       ||   532
       Battleaxe         |       |       |   127 |   205 ||   332
Invok: Curse Item        |       |     1 |     2 |     1 ||     4
       Scrying           |       |     1 |     1 |       ||     2
  Use: Potion            |     7 |     1 |     4 |     4 ||    16
       Scroll            |       |       |    14 |     2 ||    16
  Eat: Chunk             |       |     6 |    11 |     9 ||    26
Armor: Chain mail        |    17 |       |       |    58 ||    75
       Plate armour      |    60 |   243 |   253 |   134 ||   690
Dodge: Dodged            |    15 |    79 |    91 |    57 ||   242
Block: Shield            |    58 |     9 |       |       ||    67
       Buckler           |       |    67 |    23 |       ||    90
